[Event "*** Titled Tuesday Blitz"]
[Site "Chess.com"]
[Date "2019.05.07"]
[Round "5"]
[White "SaraciNderim"]
[Black "joppie2"]
[Result "0-1"]
[WhiteElo "2735"]
[BlackElo "2772"]
[TimeControl "180+2"]
[EndTime "14:09:42 PDT"]
[Termination "joppie2 won by resignation"]

1. d4 Nf6 2. c3 d5 3. Bf4 c5 4. e3 e6 5. Nd2 Bd6 6. Bg3 O-O 7. Ngf3 Qc7 8. Bd3 Nbd7 9. O-O e5 10. dxe5 Nxe5 11. Nxe5 Bxe5 12. Bxe5 Qxe5 13. Qf3 Bg4 14. Qg3 Qe7 15. h3 Bh5 16. Rfe1 Rad8 17. e4 dxe4 18. Nxe4 Bg6 19. Nxf6+ Qxf6 20. Bxg6 hxg6 21. Re2 Qa6 22. Qf3 Rd3 23. Qe4 Rfd8 24. a3 Rd1+ 25. Rxd1 Rxd1+ 26. Re1 Qc6 27. Qe3 Rd7 28. Qf4 Qd5 29.
Re8+ Kh7 30. Re5 Qd1+ 31. Kh2 Qd6 32. g3 Qf6 33. Rxc5 Qxf4 34. gxf4 Rd2 35. b4 Rxf2+ 36. Kg3 Ra2 37. Ra5 a6 38. c4 Rc2 39. c5 Rc3+ 40. Kg4 Kh6 41. f5 Rc4+ 42. Kg3 gxf5 43. h4 g6 44. b5 Rxc5 45. a4 axb5 46. axb5 b6 47. Ra7 Kg7 0-1

[Event "*** Titled Tuesday Blitz"]
[Site "Chess.com"]
[Date "2019.05.07"]
[Round "5"]
[White "AndrewMcStone"]
[Black "bluejay1897"]
[Result "1-0"]
[WhiteElo "2137"]
[BlackElo "2263"]
[TimeControl "180+2"]
[EndTime "14:09:42 PDT"]
[Termination "AndrewMcStone won by resignation"]

1. d4 Nf6 2. c4 e6 3. Nc3 Bb4 4. f3 d5 5. a3 Bxc3+ 6. bxc3 O-O 7. cxd5 exd5 8. e3 c6 9. Bd3 Re8 10. Ne2 Nbd7 11. Ng3 Nf8 12. O-O Ng6 13. Ra2 a6 14. Re2 b5 15. Qe1 c5 16. Bb2 Bb7 17. Bb1 Qc7 18. e4 Nf4 19. Re3 cxd4 20. cxd4 Ne6 21. e5 Nd7 22. f4 Nb6 23. Rc3 Nc4 24. Qf2 Qb6 25. Nf5 Nxb2 26. Qxb2 Nxd4 27. Nxd4 Qxd4+ 28. Kh1 g6 29. Qc1 Rac8 30. Rc7 Qb6 31. Rc3 d4 32. Rc2 Qe6 33. Qd2 Qd5 34. Ba2 Rxc2 35. Qxc2 Qe4 36. Qxe4 Bxe4 37. Rd1 Rd8 38. Kg1 Kg7 39.
Kf2 f6 40. Bb3 fxe5 41. fxe5 h5 42. Kg3 Bf5 43. Kf4 Kf8 44. e6 Ke7 45. Ke5 Rd6 46.
Rxd4 Rxd4 47. Kxd4 Bxe6 48. Bxe6 Kxe6 49. Kc5 Ke5 50.
Kb6 Kd4 51. Kxa6 Kc4 52. Ka5 g5 53. g3 g4 54. Kb6 b4 55. axb4 Kxb4 56. Kc6 Kc4 57.
Kd6 Kd4 58. Ke6 Ke4 59. Kf6 Kf3 60. Kg5 Kg2 61. Kxh5 Kh3 62. Kg5 1-0

[Event "*** Titled Tuesday Blitz"]
[Site "Chess.com"]
[Date "2019.05.07"]
[Round "5"]
[White "Rap_woyska"]
[Black "VFernandezB"]
[Result "0-1"]
[WhiteElo "2416"]
[BlackElo "2351"]
[TimeControl "180+2"]
[EndTime "14:09:46 PDT"]
[Termination "VFernandezB won by checkmate"]

1. c4 Nf6 2. Nf3 e6 3. e3 d5 4. b3 Bd6 5. Bb2 b6 6. Nc3 Bb7 7. d4 O-O 8. Bd3 Ne4 9. O-O f5 10. Ne2 Rf6 11. Ne5 Rh6 12. f3 Qh4 13. fxe4 Qxh2+ 14. Kf2 fxe4 15. Nf4 Qh4+ 16. Ke2 exd3+ 17. Qxd3 Bxe5 18. dxe5 Nd7 19. Rh1 Qg4+ 20. Kd2 Nc5 21. Qe2 Ne4+ 22. Kc2 Qxe2+ 23. Nxe2 Rxh1 24. Rxh1 dxc4 25. bxc4 c5 26. Nf4 Ng5 27. Rd1 Be4+ 28. Kb3 Bc6 29. Rd6 Rc8 30. Nxe6 Nxe6 31. Rxe6 Bxg2 32. Re7 Kf8 33. Rxa7 Re8 34. e6 Rxe6 35. Bxg7+ Ke8 36.
Bc3 h5 37. Rh7 Bf3 38. Bd2 Rd6 39. Kc3 Be4 40. Rh8+ Kd7 41. Be1 Rd3+ 42. Kb2 Bf3 43. Bc3 Rxe3 44. Rh6 Kc7 45. Bd2 Re4 46. Kc3 Bg4 47.
Bg5 Be6 48. Rh7+ Kc6 49. Rxh5 Rxc4+ 50. Kb2 Rb4+ 51. Ka3 Rg4 52. Bd8 Rg2 53. Bxb6 Rxa2# 0-1

[Event "*** Titled Tuesday Blitz"]
[Site "Chess.com"]
[Date "2019.05.07"]
[Round "5"]
[White "LiamVrolijk"]
[Black "2165149677570"]
[Result "1-0"]
[WhiteElo "2509"]
[BlackElo "2344"]
[TimeControl "180+2"]
[EndTime "14:09:47 PDT"]
[Termination "LiamVrolijk won by resignation"]

1. d4 Nf6 2. c4 e6 3. Nf3 b6 4.
g3 Ba6 5. b3 Bb7 6. Bg2 Bb4+ 7.
Bd2 c5 8. Bxb4 cxb4 9. O-O O-O 10. a3 Nc6 11. axb4 Nxb4 12. Nc3 a6 13. Qd2 Qc7 14.
Rac1 d6 15. Rfe1 a5 16. e4 e5 17. Nd5 Nfxd5 18. cxd5 Qe7 19. dxe5 dxe5 20. Bh3 Qd6 21. Qc3 Ba6 22. Nxe5 Qh6 23. Bd7 Na2 24. Qc7 Nxc1 25. Rxc1 g6 26. f4 Bc8 27. Qxb6 Bxd7 28. Nxd7 Rfc8 29. Rc6 Qh3 30. Nf6+ Kg7 31. Qd4 Kh6 32.
Qd2 Rxc6 33. dxc6 Rc8 34. f5+ g5 35. Qd7 Rf8 36. Qd6 Kg7 37. Nd7 Rc8 38. Nb6 Re8 39.
Qd4+ Kf8 40. Nd7+ Kg8 41. Nf6+ Kf8 42. Nxe8 Kxe8 43. c7 1-0

[Event "*** Titled Tuesday Blitz"]
[Site "Chess.com"]
[Date "2019.05.07"]
[Round "5"]
[White "Roenko_Artur"]
[Black "The_Chess_Coach"]
[Result "0-1"]
[WhiteElo "2199"]
[BlackElo "2182"]
[TimeControl "180+2"]
[EndTime "14:09:47 PDT"]
[Termination "The_Chess_Coach won by resignation"]

1. e4 e6 2. d4 d5 3. Nd2 Nf6 4. e5 Nfd7 5. Bd3 c5 6. c3 Nc6 7. Ne2 cxd4 8. cxd4 f6 9. exf6 Nxf6 10. Nf3 Bd6 11.
Bf4 Bxf4 12. Nxf4 Qa5+ 13. Qd2 Qxd2+ 14. Kxd2 O-O 15. Rhe1 Ne4+ 16. Bxe4 Rxf4 17. Bd3 Bd7 18. Ke3 Raf8 19. Rac1 h6 20. a3 g5 21. h3 Be8 22. Be2 Re4+ 23. Kd3 Bg6 24. Kc3 Rc8 25. Kd2 Rf8 26. Bd3 Rxe1 27. Rxe1 Bxd3 28. Kxd3 Kf7 29.
Ne5+ Nxe5+ 30. Rxe5 Rc8 31. Re2 Ke7 32. Rc2 Rf8 33. f3 Kd6 34. Ke3 b6 35. b4 h5 36.
a4 Rg8 37. b5 g4 38. hxg4 hxg4 39. Rc6+ Kd7 40. Rc1 gxf3 41. gxf3 Kd6 42. Rh1 Rg7 43. Rh6 Rc7 44. Rh2 Rc3+ 45. Kf4 Rc4 46. Rh7 Rxd4+ 47. Kg5 Rxa4 48. Rh6 d4 49. f4 d3 50. f5 d2 51. Rxe6+ Kd7 0-1

[Event "*** Titled Tuesday Blitz"]
[Site "Chess.com"]
[Date "2019.05.07"]
[Round "5"]
[White "LonesomeGeorge1"]
[Black "JeremDev"]
[Result "1-0"]
[WhiteElo "2377"]
[BlackElo "2478"]
[TimeControl "180+2"]
[EndTime "14:09:48 PDT"]
[Termination "LonesomeGeorge1 won on time"]

1. c4 c5 2. g3 Nc6 3. Bg2 e6 4. Nf3 Nge7 5. O-O g6 6. d4 cxd4 7. Nxd4 Bg7 8. Nb5 O-O 9. Nd6 Nf5 10. Nxf5 gxf5 11. Nc3 Qe7 12. Nb5 Qc5 13. e4 fxe4 14.
Bxe4 f5 15. Bg2 Qxc4 16. Nd6 Qd4 17. Bf4 e5 18. Bd5+ Kh8 19. Qxd4 Nxd4 20. Be3 Ne6 21. Rac1 f4 22. Bd2 Nd4 23. Rc7 e4 24. Bxe4 Be5 25.
Bb4 a5 26. Ba3 fxg3 27. hxg3 Rb8 28. f4 Bxd6 29. Bxd6 Re8 30. Be5+ Rxe5 31. fxe5 Ne6 32.
Rc3 b5 33. Bb1 Kg7 34. Rcf3 Ng5 35. Rf5 h6 36. Rf8 Ra8 37. Rd8 Ne6 38. Re8 Bb7 39. Re7+ Kg8 40. Rxd7 Bc6 41. Rd6 1-0

[Event "*** Titled Tuesday Blitz"]
[Site "Chess.com"]
[Date "2019.05.07"]
[Round "5"]
[White "ilm2034"]
[Black "Simoncelli15"]
[Result "1-0"]
[WhiteElo "2416"]
[BlackElo "2272"]
[TimeControl "180+2"]
[EndTime "14:09:50 PDT"]
[Termination "ilm2034 won by resignation"]

1. d4 d5 2. c4 e6 3. g3 Nf6 4. Bg2 Be7 5. Nf3 O-O 6. O-O dxc4 7. Ne5 Nc6 8. Bxc6 bxc6 9. Nxc6 Qe8 10. Nxe7+ Qxe7 11.
Qa4 e5 12. dxe5 Qxe5 13. Qxc4 Be6 14. Qd3 Rad8 15. Qe3 Qh5 16. f3 Bh3 17. Re1 Rfe8 18.
Qf2 Bd7 19. Nc3 Bc6 20. Be3 a5 21. Rad1 Rb8 22. b3 Qf5 23. Bd4 h5 24. e4 Qe6 25.
Kg2 h4 26. Qb2 a4 27. Bxf6 Qxf6 28. Nxa4 h3+ 29. Kf2 Qg5 30. Nc3 Qc5+ 31. Kf1 Red8 32. Ne2 Bb5 33. Qc1 Qh5 34. Kf2 Re8 35. Nf4 Qe5 36.
Nxh3 c5 37. Rd5 Qe6 38. Nf4 Qa6 39. a4 Bc6 40. Rxc5 Ba8 41. Qc3 Qh6 42. h4 Red8 43. Re2 g5 44. Rxg5+ Kf8 45. Qc5+ Ke8 46. Rg8+ Kd7 47.
Rd2+ 1-0

[Event "*** Titled Tuesday Blitz"]
[Site "Chess.com"]
[Date "2019.05.07"]
[Round "5"]
[White "Sadikhov_Ulvi"]
[Black "Yaacovn"]
[Result "1-0"]
[WhiteElo "2693"]
[BlackElo "2792"]
[TimeControl "180+2"]
[EndTime "14:09:58 PDT"]
[Termination "Sadikhov_Ulvi won by resignation"]

1. Nf3 c6 2. g3 d5 3. Bg2 g6 4.
O-O Bg7 5. d3 Nf6 6. Nbd2 O-O 7.
e4 Bg4 8. c3 e6 9. h3 Bxf3 10.
Qxf3 Nfd7 11. Qe2 a5 12. a4 Na6 13. d4 Re8 14. e5 c5 15. Qb5 cxd4 16. cxd4 Nb4 17. Nb3 Qc7 18. Be3 Qc6 19. Rfc1 Qxb5 20. axb5 a4 21. Nc5 Nxc5 22. Rxc5 Bf8 23. Rc7 b6 24.
Bf1 Rec8 25. Rxc8 Rxc8 26. Rxa4 Nc2 27. Bd2 h5 28. Bd3 Kh7 29. Bc3 Na3 30. Ra7 Kg8 31.
Rb7 Nc4 32. Bxc4 Rxc4 33. Rxb6 Rc8 34. Rc6 Rb8 35. b6 Be7 36. Ba5 Kf8 37. Kf1 Ke8 38. Ke2 Bd8 39. b7 Rxb7 40. Rc8 Rxb2+ 41. Kf3 Rb3+ 42.
Kg2 Rd3 43. Bxd8 Kd7 44. Ra8 Rxd4 45. Bf6 Rc4 46. Rf8 d4 47. Rxf7+ Kc6 48. Kf3 d3 49. Ke3 Rd4 50. Kd2 Kd5 51. Rd7+ 1-0

[Event "*** Titled Tuesday Blitz"]
[Site "Chess.com"]
[Date "2019.05.07"]
[Round "5"]
[White "Alopekos"]
[Black "Rodalquilar"]
[Result "1-0"]
[WhiteElo "2581"]
[BlackElo "2531"]
[TimeControl "180+2"]
[EndTime "14:09:58 PDT"]
[Termination "Alopekos won by resignation"]

1. e4 Nf6 2. e5 Nd5 3. Nc3 Nxc3 4. dxc3 d5 5. Nf3 c5 6. Be3 b6 7. Bb5+ Bd7 8. Qxd5 Bxb5 9. Qxa8 Qc7 10. Qe4 e6 11. O-O-O Bc6 12. Qh4 h6 13. Bg5 Nd7 14. Rhe1 Rg8 15.
Nd2 hxg5 16. Qh7 Nxe5 17. Qxg8 Bxg2 18. Ne4 Bxe4 19. Rxe4 Nd7 20. Re2 Nf6 21. Qh8 Qf4+ 22. Kb1 Qf3 23. Red2 Nd5 24. c4 Nb4 25. Rd8+ Ke7 26.
Qxf8+ Kf6 27. R8d2 Nc6 28. Qd6 Nd4 29. c3 Nf5 30. Qd8+ Kg6 31. Qd3 Qg2 32. f4 Qg4 33.
fxg5 e5 34. Qe2 Qxg5 35. Qxe5 f6 36. Qe8+ Kh7 37. Rd5 Qg4 38. Qe1 Nh4 39. Qd2 Nf3 40. Qc2+ Kh6 41. Rd8 Ne5 42. Rh8+ Kg5 43. h4+ Kf4 44.
Rf1+ Ke3 45. Rd8 Qe2 46. Qxe2+ Kxe2 47. Rg1 Nxc4 48. Rxg7 f5 49. h5 f4 50. Rf8 f3 51.
Re7+ Kd1 52. Rd7+ Nd2+ 53. Rxd2+ Kxd2 54. Rxf3 1-0

[Event "*** Titled Tuesday Blitz"]
[Site "Chess.com"]
[Date "2019.05.07"]
[Round "5"]
[White "GCamachoMartinez"]
[Black "kikoveiga"]
[Result "1-0"]
[WhiteElo "2361"]
[BlackElo "2262"]
[TimeControl "180+2"]
[EndTime "14:10:02 PDT"]
[Termination "GCamachoMartinez won by resignation"]

1. d4 Nf6 2. c4 e6 3. Nc3 Bb4 4. g3 c5 5. Nf3 O-O 6. Bg2 d5 7. cxd5 Nxd5 8. Bd2 cxd4 9. Nxd4 Nxc3 10. bxc3 Bc5 11.
O-O Qe7 12. Rb1 e5 13. Nb3 Bb6 14. c4 Nc6 15. c5 Bc7 16. Qc2 Bg4 17. Bc3 Rfd8 18.
Rbd1 a5 19. a4 Bh5 20. Be4 Bg6 21. Bxg6 hxg6 22. Qe4 f5 23. Qc4+ Qf7 24. Qb5 Rab8 25. Rxd8+ Bxd8 26. Nxa5 Bxa5 27. Bxa5 Nxa5 28. Qxa5 Qc4 29.
Qb5 Qd5 30. Rb1 Rc8 31. Qb3 Qxb3 32. Rxb3 Rxc5 33. Rxb7 Rc2 34. e3 Ra2 35. Ra7 Kh7 36.
h4 e4 37. a5 Ra1+ 38. Kg2 Kh6 39. a6 Kh7 40. g4 Ra2 41. Kg3 Kh6 42. Ra8 Kh7 43.
gxf5 gxf5 44. a7 Kg6 45. h5+ Kg5 46. h6 1-0

[Event "*** Titled Tuesday Blitz"]
[Site "Chess.com"]
[Date "2019.05.07"]
[Round "5"]
[White "GremioPrudente"]
[Black "CarrotsandPizza"]
[Result "0-1"]
[WhiteElo "2123"]
[BlackElo "2129"]
[TimeControl "180+2"]
[EndTime "14:10:07 PDT"]
[Termination "CarrotsandPizza won on time"]

1. Nf3 Nf6 2. c4 g6 3. d4 Bg7 4. Nc3 d6 5. Bg5 O-O 6. e3 Nbd7 7. Be2 a6 8. O-O c6 9. Rc1 b5 10. b3 Qa5 11. Qc2 Bb7 12. Ne4 Nxe4 13. Qxe4 Qxa2 14.
Qxe7 Rad8 15. Rfe1 h6 16. Bf4 g5 17. Bg3 Qxb3 18.
Qxd6 Nf6 19. Qc7 Rd7 20. Qa5 Ne4 21. Ne5 Re7 22. Rb1 Qc3 23. Qxc3 Nxc3 24. Rbc1 Nxe2+ 25. Rxe2 c5 26. cxb5 cxd4 27. exd4 f6 28. bxa6 Bxa6 29.
Ra2 fxe5 30. Rxa6 exd4 31. Bd6 Re6 32. Bxf8 Rxa6 33. Bxg7 Kxg7 34. Kf1 Kf6 35. Rd1 Ke5 36. f3 Ra2 37. Re1+ Kd5 38. Re2 Ra1+ 39. Kf2 d3 40. Rd2 Kd4 41. g3 Rc1 42. h4 Rc2 43. Ke1 Ke3 44. hxg5 hxg5 45. f4 Rxd2 46. fxg5 Rg2 47. Kf1 Rxg3 0-1

[Event "*** Titled Tuesday Blitz"]
[Site "Chess.com"]
[Date "2019.05.07"]
[Round "5"]
[White "DanielRensch"]
[Black "giantslayer83"]
[Result "0-1"]
[WhiteElo "2446"]
[BlackElo "2531"]
[TimeControl "180+2"]
[EndTime "14:10:08 PDT"]
[Termination "giantslayer83 won by resignation"]

1. e4 e5 2. Nf3 Nc6 3. d4 exd4 4. Nxd4 Nf6 5. Nxc6 bxc6 6. Bd3 d5 7. e5 Ng4 8. O-O Bc5 9. Qe2 Qh4 10. h3 Nh6 11. Nd2 Nf5 12. Nf3 Qe7 13. Bg5 Qe6 14. c3 Ng3 15. Qc2 Nxf1 16. Kxf1 h6 17. Bh4 a5 18. g4 Ba6 19. Kg2 Bxd3 20. Qxd3 a4 21. Rc1 O-O 22. g5 h5 23. Bg3 Rab8 24. Rc2 g6 25. Bf4 Ba7 26. Qa6 Ra8 27. Qd3 Rfd8 28. a3 c5 29. Bg3 c4 30. Qe2 c5 31. Nd2 Re8 32. Nf1 Bb8 33. f4 Bc7 34. Rd2 Rad8 35. Qd1 Bb6 36. Qxa4 d4 37. Qb5 Rb8 38. Bf2 Qd5+ 39. Kg3 Bc7 40. Qa6 Rb6 41. Qa4 Reb8 42. Ne3 Qe4 43. Nxc4 Rb3 44. Bxd4 cxd4 45. Qd7 dxc3 46. Rd3 c2 47.
Rxb3 Rxb3+ 0-1

[Event "*** Titled Tuesday Blitz"]
[Site "Chess.com"]
[Date "2019.05.07"]
[Round "5"]
[White "tteshan"]
[Black "IMRosen"]
[Result "0-1"]
[WhiteElo "2301"]
[BlackElo "2387"]
[TimeControl "180+2"]
[EndTime "14:10:08 PDT"]
[Termination "IMRosen won by resignation"]

1. d4 Nf6 2. c4 e5 3. dxe5 Ng4 4. Nf3 Bc5 5. e3 Nc6 6. Qd5 Qe7 7. a3 a5 8. Bd2 Ngxe5 9. Nc3 Nxf3+ 10. Qxf3 Ne5 11.
Qg3 O-O 12. Nd5 Qd6 13. Be2 c6 14. Nc3 Nd3+ 15. Bxd3 Qxd3 16. Qh4 d5 17. cxd5 cxd5 18. Ne2 Bf5 19. Rc1 Rac8 20. Nf4 Qb5 21. Bc3 d4 22.
Bd2 dxe3 23. fxe3 Rfe8 24. Qf2 Bxe3 25. Qxe3 Rxc1+ 26. Bxc1 Rxe3+ 27. Bxe3 Qxb2 28. O-O Qxa3 29. Bb6 h6 30. Nd5 Be6 31. Nf4 Qb4 32. Be3 Bc4 33. Rc1 b5 34. Kf2 a4 35. Rd1 a3 36. Rd8+ Kh7 37.
Ra8 Qb2+ 38. Kg3 a2 39. Nh3 a1=Q 40. Rxa1 Qxa1 41. Kh4 Qe5 42. Bf4 g5+ 43. Bxg5 hxg5+ 44. Nxg5+ Kg6 45. Nf3 Qf4+ 46. g4 Qxf3 47. g5 Be6 0-1

[Event "*** Titled Tuesday Blitz"]
[Site "Chess.com"]
[Date "2019.05.07"]
[Round "5"]
[White "novocane"]
[Black "Caisachess"]
[Result "1-0"]
[WhiteElo "2240"]
[BlackElo "2332"]
[TimeControl "180+2"]
[EndTime "14:10:08 PDT"]
[Termination "novocane won by checkmate"]

1. d4 Nf6 2. c4 e6 3. Nc3 Bb4 4. e3 O-O 5. Ne2 d5 6. a3 Bd6 7. Nf4 c6 8. Bd3 Re8 9. O-O Bxf4 10. exf4 dxc4 11. Bxc4 b5 12. Ba2 Bb7 13. Be3 Nbd7 14. Rc1 Nb6 15. Nb1 Qd6 16. Nd2 Nbd5 17. Qf3 Rac8 18.
Nb3 Nb6 19. Nc5 Rc7 20. h3 Nbd5 21. Rfe1 Bc8 22. Rc2 Nd7 23. Rec1 Nxc5 24. Rxc5 Bd7 25. Bb1 Rec8 26. Qe4 Nf6 27. Qe5 Qe7 28. f5 Be8 29. fxe6 Qxe6 30. Qxe6 fxe6 31. Bg5 Nd5 32. Bd3 h6 33. Be3 Rb8 34. Be4 Rcc8 35. b4 Kf7 36.
Bxd5 exd5 37. Bf4 Rb6 38. Be5 Ra6 39. R5c3 Bd7 40. Rf3+ Kg8 41. Rg3 g5 42. h4 g4 43.
h5 Kf7 44. f3 Rg8 45. fxg4 Rxg4 46. Rf1+ Ke8 47. Bd6 Rxg3 48. Rf8# 1-0

[Event "*** Titled Tuesday Blitz"]
[Site "Chess.com"]
[Date "2019.05.07"]
[Round "5"]
[White "2nd_life"]
[Black "VeraNebolsina"]
[Result "1-0"]
[WhiteElo "2437"]
[BlackElo "2358"]
[TimeControl "180+2"]
[EndTime "14:10:11 PDT"]
[Termination "2nd_life won by resignation"]

1. e4 g6 2. d4 Bg7 3. Nf3 d6 4. Bc4 e6 5. Qe2 a6 6. a4 b6 7. Bf4 Bb7 8. Nbd2 Nf6 9. c3 O-O 10. h3 Nbd7 11. O-O Qe7 12. e5 Nd5 13. Bg5 f6 14.
exf6 Bxf6 15. Bh6 Bg7 16. Bg5 Qf7 17. Rae1 h6 18. Qxe6 hxg5 19. Nxg5 Qxe6 20. Nxe6 Rac8 21. Nxf8 Kxf8 22. Ne4 Bh6 23. g3 Re8 24. f4 N7f6 25. Nxf6 Nxf6 26. Rxe8+ Kxe8 27. Re1+ Kf8 28. Bd3 Kf7 29.
Kf2 a5 30. b3 Bd5 31. c4 Bc6 32. d5 Bd7 33. Kg2 Bc8 34. Rf1 Nd7 35. g4 Nc5 36.
Bc2 Bd7 37. Kg3 Bg7 38. h4 c6 39. f5 Be5+ 40. Kh3 gxf5 41. Bxf5 Bxf5 42. Rxf5+ Ke7 43. dxc6 Nxb3 44. h5 Nd4 45. c7 Kd7 46. Rf7+ Kc8 47. g5 Ne6 48. Kg4 Nxc7 49. g6 Ne6 50. h6 Nd8 51. Rf8 Kd7 52. Rxd8+ Kxd8 53. g7 1-0

[Event "*** Titled Tuesday Blitz"]
[Site "Chess.com"]
[Date "2019.05.07"]
[Round "5"]
[White "cherryandmint"]
[Black "Vice64"]
[Result "1-0"]
[WhiteElo "2683"]
[BlackElo "2527"]
[TimeControl "180+2"]
[EndTime "14:10:13 PDT"]
[Termination "cherryandmint won by resignation"]

1. e4 c5 2. Nf3 d6 3. d4 cxd4 4.
Nxd4 Nf6 5. Nc3 a6 6. g3 e5 7.
Nb3 Be7 8. Bg2 O-O 9. O-O b5 10. Nd5 Nxd5 11. Qxd5 Ra7 12. Be3 Bb7 13. Qd2 Ra8 14. a4 Nd7 15. axb5 axb5 16. Rxa8 Bxa8 17. Ra1 h6 18. Ra7 Bc6 19. Na5 Ba8 20. Qb4 d5 21.
Qxb5 Nf6 22. Bb6 Qd6 23. exd5 Rb8 24. Nc4 Qb4 25. Qxb4 Bxb4 26. d6 Bxg2 27. Kxg2 Bxd6 28. Nxd6 Rxb6 29. Ra8+ Kh7 30. Nxf7 Rxb2 31. Rh8+ Kg6 32. Nxe5+ Kf5 33. Nf3 Kg6 34. Rc8 Nd5 35. Ne5+ Kf6 36. Nd3 Ra2 37. Rc5 Ke6 38. Rc6+ Kf7 39. h4 h5 40. c4 Nf6 41. Ne5+ Ke7 42. Ng6+ Kf7 43. Ne5+ Ke7 44. Kf3 Rc2 45. Ra6 Rc3+ 46. Kf4 Rc2 47. f3 Rg2 48. Ra7+ Kf8 49. Ng6+ Kg8 50. Ne7+ Kh7 51.
Nf5 Ne8 52. Re7 Nf6 53. Rxg7+ Kh8 54. Rc7 Rc2 55. Kg5 Nh7+ 56. Kh6 Nf8 57. c5 Rf2 58. Nd4 Rd2 59. Rc8 Kg8 60. Ne6 Kf7 61. Nxf8 1-0

[Event "*** Titled Tuesday Blitz"]
[Site "Chess.com"]
[Date "2019.05.07"]
[Round "5"]
[White "biostatistician"]
[Black "ChessWeebs"]
[Result "1/2-1/2"]
[WhiteElo "2526"]
[BlackElo "2754"]
[TimeControl "180+2"]
[EndTime "14:10:15 PDT"]
[Termination "Game drawn by agreement"]

1. d4 Nf6 2. Nf3 g6 3. c4 Bg7 4. Nc3 O-O 5. e4 d6 6. Be2 e5 7. dxe5 dxe5 8. Qxd8 Rxd8 9. Bg5 Na6 10. Nd5 Rd6 11.
Nxf6+ Bxf6 12. Bxf6 Rxf6 13. Nxe5 Re6 14. f4 Kg7 15. Bf3 Nc5 16. O-O-O f6 17. Ng4 Nxe4 18. Rd8 Rd6 19. Rd1 Rxd1+ 20. Kxd1 Nc5 21. Kc1 Ne6 22. Re8 Kf7 23. Rh8 Nf8 24. Nxf6 h5 25.
Bd5+ Ke7 26. Nh7 Nd7 27. Ng5 Nb6 28. Kd2 c6 29. Bf7 Bf5 30. Rxa8 Nxa8 31. Kc3 Nc7 32. Kd4 Kf6 33. b4 b6 34. a3 Na6 35. c5 bxc5+ 36.
bxc5 Nc7 37. Bc4 a5 38. Nf7 Ne6+ 39. Bxe6 Bxe6 40. Ne5 Bd5 41. g3 Kf5 42. Ke3 g5 43.
Nf3 gxf4+ 44. gxf4 Kg4 45. Nd4 Kh3 46. f5 Kxh2 47.
Kf2 Kh3 48. f6 Kg4 49. Nxc6 Kg5 50. Nxa5 Kxf6 51. c6 Ke7 52. a4 h4 53. Kg1 Kd6 54.
Kh2 Be6 55. Kg2 Kc7 56. Kh2 Kb6 57. Nb7 Bg4 58. Nd6 Kxc6 59. Ne4 Bf5 60. Ng5 1/2-1/2

[Event "*** Titled Tuesday Blitz"]
[Site "Chess.com"]
[Date "2019.05.07"]
[Round "5"]
[White "NemtsevIgor"]
[Black "AliKa2810"]
[Result "0-1"]
[WhiteElo "2257"]
[BlackElo "2490"]
[TimeControl "180+2"]
[EndTime "14:10:17 PDT"]
[Termination "AliKa2810 won by resignation"]

1. d4 Nf6 2. Bf4 g6 3. e3 Bg7 4.
Nf3 O-O 5. Be2 d6 6. O-O Nc6 7. Nc3 Nd7 8. e4 e5 9. Bg5 f6 10. Be3 f5 11. exf5 gxf5 12. dxe5 Ndxe5 13. Nxe5 Nxe5 14. Nd5 Kh8 15. Nf4 Qh4 16. g3 Qe7 17. Nh5 Kg8 18. Nxg7 Qxg7 19. Bd4 Qg6 20. f4 Nf7 21. Bh5 Qh6 22.
Re1 Be6 23. Bc3 c5 24. Bf3 Rad8 25. Bd5 Rfe8 26. Qf3 b5 27. b3 b4 28. Bb2 Qg6 29.
Rad1 h6 30. c4 Kh7 31. Ba1 h5 32. Bxe6 Rxe6 33. Rxe6 Qxe6 34. Qxh5+ Nh6 35. Qf3 Re8 36. Bb2 Ng4 37. h3 Nf6 38. Bc1 Ne4 39. g4 Rg8 40. g5 Qg6 41. Bb2 Re8 42. Rd5 Nxg5 43. fxg5 Qxg5+ 44. Qg2 Re1+ 45. Kf2 Re2+ 46. Kxe2 Qxg2+ 47. Ke3 Qxb2 48. Kf4 Qf2+ 49. Kg5 f4 50. Rxd6 Qg3+ 51. Kf5 f3 52. Rd7+ Kh6 53. Rxa7 f2 0-1

[Event "*** Titled Tuesday Blitz"]
[Site "Chess.com"]
[Date "2019.05.07"]
[Round "5"]
[White "LarissaSteenbekkers"]
[Black "Fins0905"]
[Result "0-1"]
[WhiteElo "1957"]
[BlackElo "2666"]
[TimeControl "180+2"]
[EndTime "14:10:20 PDT"]
[Termination "Fins0905 won on time"]

1. e4 c5 2. Nf3 e6 3. Nc3 a6 4. d4 cxd4 5. Nxd4 Qc7 6. g3 Nf6 7. Bg2 Bb4 8. O-O O-O 9. e5 Qxe5 10. Bf4 Qh5 11. Bf3 Qg6 12. Na4 Nc6 13. Nb6 Ra7 14.
Nb3 d5 15. a3 Be7 16. Nd4 Bc5 17. Nxc8 Rxc8 18. Nb3 Bb6 19. h4 h6 20. h5 Qf5 21. Kg2 e5 22. Be3 d4 23. Bd2 e4 24. Be2 Qd5 25. Bf4 Ne5 26. Bxe5 Qxe5 27. Rh1 Raa8 28. Rh4 Rc7 29. Rc1 Rd8 30. Rf4 Rcd7 31.
Qd2 d3 32. cxd3 e3 33. Qc3 Qxc3 34. Rxc3 Nd5 35. fxe3 Nxc3 36. bxc3 Bxe3 37. Re4 Ba7 38. Bf3 Kf8 39. Na5 Bb6 40. Nc4 Bc7 41. d4 b5 42.
Ne3 Bd6 43. Nf5 Bxa3 44. Re2 Rc7 45. d5 Rxc3 46. Be4 Bd6 47. Rf2 Bc5 48. Rf4 Rc4 49.
g4 Re8 50. Kf3 b4 0-1

[Event "*** Titled Tuesday Blitz"]
[Site "Chess.com"]
[Date "2019.05.07"]
[Round "5"]
[White "xamax2000"]
[Black "spicycaterpillar"]
[Result "1/2-1/2"]
[WhiteElo "2637"]
[BlackElo "2822"]
[TimeControl "180+2"]
[EndTime "14:10:21 PDT"]
[Termination "Game drawn by repetition"]

1. e4 e5 2. Nf3 Nc6 3. Bb5 a6 4. Ba4 Nf6 5. O-O b5 6. Bb3 Bb7 7. d3 Be7 8. Bg5 O-O 9. Nbd2 d6 10. c3 h6 11. Bh4 Kh8 12. d4 Nh7 13. Bg3 Ng5 14. Nxg5 Bxg5 15. Nf3 Bf6 16. Bd5 Qe7 17. a4 Rab8 18. Re1 b4 19. Qd3 bxc3 20. bxc3 exd4 21. Bxc6 Bxc6 22. Nxd4 Bb7 23. Rab1 Rfe8 24.
f3 Qd7 25. Qc4 Kg8 26. a5 g6 27. Rb3 c5 28. Nc2 Bc6 29. Rb6 Rxb6 30. axb6 Qb7 31.
Rb1 Bb5 32. Qd5 Qxb6 33. Qxd6 Qxd6 34. Bxd6 Bd3 35. Rc1 Bxc3 36. Ne1 Bd4+ 37. Kh1 Bb5 38. Nc2 Rd8 39. Be7 Rd7 40. Nxd4 cxd4 41. Bf6 g5 42. g4 Kh7 43. e5 Be2 44. Kg2 h5 45. h3 hxg4 46. hxg4 d3 47. Rc8 d2 48. Rh8+ Kg6 49. Rg8+ Kh7 50. Rh8+ Kg6 51. Rg8+ Kh7 52. Rh8+ Kg6 53.
Rg8+ Kh7 1/2-1/2

[Event "*** Titled Tuesday Blitz"]
[Site "Chess.com"]
[Date "2019.05.07"]
[Round "5"]
[White "AlexZambrano"]
[Black "checkmatequen"]
[Result "0-1"]
[WhiteElo "2220"]
[BlackElo "2201"]
[TimeControl "180+2"]
[EndTime "14:10:23 PDT"]
[Termination "checkmatequen won by checkmate"]

1. e4 c5 2. Nf3 e6 3. d4 cxd4 4.
Nxd4 a6 5. Bd3 Qc7 6. c4 d6 7. O-O Nf6 8. Nc3 Nbd7 9. Kh1 g6 10. f4 Bg7 11. Be3 O-O 12. f5 Nc5 13. Bc2 Re8 14. fxg6 fxg6 15. Nb3 Nxb3 16. axb3 Bd7 17. Bg5 Rf8 18.
Qe2 Bc6 19. Rad1 Rae8 20. b4 b6 21. b5 Bb7 22. h3 Nh5 23. Bh4 Bf6 24. Bf2 Be5 25.
Kg1 Bg3 26. Be3 Qe7 27. Bxb6 Qh4 28. Qg4 Qe7 29. Be3 axb5 30. cxb5 e5 31. Bb3+ Kh8 32. Nd5 Bxd5 33. Bxd5 Bf4 34. Bf2 Rc8 35. b6 Rc2 36. b7 Rxb2 37. Rb1 Rxb1 38. Rxb1 Nf6 39. Qd1 Qc7 40.
Ba7 Nxd5 41. Qxd5 Qc2 42. b8=Q Rxb8 43. Rxb8+ Kg7 44. Rb7+ Kh6 45. Kh1 Qc1+ 46. Bg1 Be3 47. Kh2 Bxg1+ 48. Kg3 Qf4# 0-1

[Event "*** Titled Tuesday Blitz"]
[Site "Chess.com"]
[Date "2019.05.07"]
[Round "5"]
[White "Korchmar_Vasiliy"]
[Black "platy3"]
[Result "0-1"]
[WhiteElo "2817"]
[BlackElo "2777"]
[TimeControl "180+2"]
[EndTime "14:10:26 PDT"]
[Termination "platy3 won by resignation"]

1. d4 Nf6 2. c4 g6 3. Nc3 Bg7 4. e4 d6 5. h3 O-O 6. Nf3 e5 7. d5 a5 8. g4 Na6 9. Be3 Nd7 10. a3 Nb6 11. Rg1 Bd7 12. h4 a4 13. h5 Nc5 14.
Nd2 c6 15. Qf3 Qe7 16. Be2 Bf6 17. g5 Bg7 18. Qg3 Rac8 19. Rh1 f5 20. Bxc5 dxc5 21. h6 Bh8 22. O-O-O cxd5 23. cxd5 c4 24. Kb1 Qd6 25. Ka1 Rc7 26. Rhg1 Rc5 27. exf5 gxf5 28. g6 Bf6 29.
gxh7+ Kxh7 30. Qg6+ Kh8 31. Nde4 fxe4 32. Nxe4 Qe7 33. d6 Qh7 34. Qxh7+ Kxh7 35. Nxc5 Bc6 36. Bg4 e4 37. d7 c3 38. Ne6 cxb2+ 39. Kb1 Rb8 40.
Bf5+ Kh8 41. h7 Nd5 42. Kc2 b1=Q+ 43. Rxb1 Bxd7 44. Rb4 Nxb4+ 45. axb4 Re8 46. Nd4 Bxd4 47.
Bxd7 Rf8 48. Bxa4 Rxf2+ 49. Kb3 Rf3+ 50. Kc4 Bxg1 0-1